 Dungeon Sprint DCSS version 0.22.1-2-g9c5b331383 (webtiles) character file.

286144 Groucho the Ninja (level 13, 69/69 HPs)
             Began as a Felid Berserker on Dec 8, 2018.
             Was a High Priest of Trog.
             Escaped with the Orb!
             The game lasted 00:29:46 (7480 turns).

Groucho the Ninja (Felid Berserker)                 Turns: 7480, Time: 00:29:46

Health: 69/69      AC:  3    Str: 13    XL:     13   Next: 29%
Magic:  23/23      EV: 37    Int:  8    God:    Trog [*****.]
Gold:   3508       SH:  0    Dex: 23    Spells: 12/12 levels left
                                        Lives:  2   Deaths: 0

rFire    + . .     SeeInvis +     - Unarmed
rCold    + . .     Gourm    .   (shield unavailable)
rNeg     + . .     Faith    .   (armour unavailable)
rPois    .         Spirit   +   (helmet unavailable)
rElec    .         Reflect  .   (cloak unavailable)
rCorr    +         Harm     .   (gloves unavailable)
MR       +....     NoTele   +   (boots unavailable)
Stlth    ++++......             r - amulet of guardian spirit
HPRegen  0.21/turn              q - ring "Viggump" {MP+9 Dex+4 Slay+3}
MPRegen  0.18/turn              a - ring "Poweomut" {rCorr rF+ rN+}

@: quick
A: very small, no armour, no weapons or thrown items, stealth, claws 1, fangs 3,
see invisible, carnivore, dopey 1, speed 1, shaggy fur 3, slow metabolism 1,
wild magic 1, sharp paws
0: Orb of Zot
a: Berserk, Trog's Hand, Brothers in Arms, Renounce Religion


You escaped.
You worshipped Trog.
Trog was extremely pleased with you.
You were not hungry.

You visited 1 branch You collected 5922 gold pieces.
You spent 2414 gold pieces at shops.

Inventory:

Jewellery
 a - the ring "Poweomut" (right paw) {rCorr rF+ rN+}
   (You found it in the Dungeon)

   [ring of resist corrosion]

   It protects you from fire.
   It protects you from negative energy.
 c - a +3 ring of strength
 m - the ring of Ehuamut {MR+ Dex+2}
   (You found it in the Dungeon)

   [ring of protection from magic]

   It affects your dexterity (+2).
   It affects your resistance to hostile enchantments.
 q - the ring "Viggump" (left paw) {MP+9 Dex+4 Slay+3}
   (You bought it in a shop in the Dungeon)

   [ring of magical power]

   It affects your dexterity (+4).
   It affects your accuracy and damage with ranged weapons and melee attacks
   (+3).
   It affects your magic capacity (+9).
 r - an amulet of guardian spirit (around neck)
 s - an uncursed ring of poison resistance
 v - an uncursed ring of protection from fire
 w - a +2 ring of evasion
Wands
 h - a wand of digging (5)
 j - a wand of iceblast (11)
Scrolls
 k - a scroll of immolation
 p - 2 scrolls of summoning
 u - 2 scrolls of remove curse
 x - a scroll of fog
Potions
 b - a potion of curing
 d - a potion of haste
 e - 2 potions of magic
 f - 2 potions of berserk rage
 l - a potion of mutation
 o - a potion of brilliance
 t - a potion of cancellation
Comestibles
 g - 2 rations


   Skills:
 + Level 15.4 Fighting
 + Level 19.1 Dodging
 O Level 27 Stealth
 + Level 17.8 Unarmed Combat


You had 12 spell levels left.
You didn't know any spells.
Your spell library was empty.

Dungeon Overview and Level Annotations

Branches:
Dungeon (1/1)

Altars:
Cheibriados
Dithmenos
Elyvilon
Fedhas
Gozag
Hepliaklqana
Kikubaaqudgha
Makhleb
Nemelex Xobeh
Okawaru
Qazlal
Ru
Sif Muna
Trog
Uskayaw
Vehumet
Wu Jian
Xom
Yredelemnul
Zin
The Shining One
Jiyva
Lugonu

Shops:
D ?=(=!([(:!*==(![**[[?*

Annotations:
D Tiamat


Innate Abilities, Weirdness & Mutations

You cannot wear armour.
You are incapable of wielding weapons or throwing items.
Your paws allow you to move quietly. (Stealth)
You have sharp claws.
You have razor-sharp teeth.
You have supernaturally acute eyesight. (SInv)
You are carnivorous and can eat meat at any time.
You cover ground quickly.
Your thick and shaggy fur keeps you warm. (AC +3, rC+)
You have a slow metabolism.
Your sharp claws are effective at attacking unaware monsters.
You are dopey. (Int -2)
Your spells are a little harder to cast, but a little more powerful.


Message History

There is an open door, spattered with blood here.
A red devil comes into view. It is wielding a demon trident.
Things that are here:
a scythe; a robe
There is an open door here.
There is an open door here.
You claw the red devil!
The red devil is moderately wounded.
The red devil completely misses you.
You mangle the red devil!! Your bite misses the red devil.
The red devil is almost dead.
You mangle the red devil!!
You kill the red devil!
Trog accepts your kill.
You feel yourself slow down.
There is an open door here.
You see here a scale mail.
There is an open door here.
There is a staircase leading out of the dungeon here.
You have escaped!

##################
#@.#.['..#.)'..#__
#..'.)#..'..#..'^.
#..#####'#####'#__
#..####).#...#.###
#..#__####..##.#§§
#..#_____##+#_.§§§
#⌠⌠#_.∩...'..._#≈§
###._..__##_.#'#.§
#..#_____###'#.#§§


There were no monsters in sight!

Vanquished Creatures
  the Lernaean hydra (D)
  A golden dragon (D)
  A deep elf master archer (D)
  A shadow dragon (D)
  A daeva (D)
  2 fire giants (D)
  A deep elf annihilator (D)
  A lorocyproca (D)
  A mummy priest (D)
  2 centaur warriors (D)
  A hydra (D)
  Sonja (D)
  7 unseen horrors (D)
  A deep troll (D)
  A lindwurm (D)
  2 oklob plants (D)
  2 shining eyes (D)
  A gargoyle (D)
  2 kobold demonologists (D)
  A red devil (D)
  A hornet (D)
  A meliai (D)
  A slime creature (D)
  2 redbacks (D)
  Sigmund (D)
  13 hogs (D)
  A yak (D)
  3 floating eyes (D)
  An ogre (D)
  7 necrophages (D)
  8 jellies (D)
  Ijyb (D)
71 creatures vanquished.

Vanquished Creatures (collateral kills)
  2 fire giants (D)
  6 shining eyes (D)
  A merfolk siren (D)
  4 demonic crawlers (D)
  A hellwing (D)
  4 hornets (D)
  4 floating eyes (D)
22 creatures vanquished.

Vanquished Creatures (others)
  A merfolk siren (D)
  A gargoyle (D)
  2 ballistomycete spores (D)
4 creatures vanquished.

Grand Total: 97 creatures vanquished

Notes
Turn   | Place    | Note
-------+----------+-------------------------------------------
     0 | D        | Groucho the Felid Berserker began the quest for the Orb.
     0 | D        | Reached XP level 1. HP: 10/10 MP: 2/2
     2 | D        | Noticed Ijyb
    16 | D        | Killed Ijyb
    16 | D        | Reached skill level 8 in Stealth
    16 | D        | Reached XP level 2. HP: 10/14 MP: 3/3
   171 | D        | Noticed an ogre
   177 | D        | Killed an ogre
   177 | D        | Reached skill level 12 in Stealth
   177 | D        | Reached XP level 3. HP: 17/17 MP: 4/4
   177 | D        | Reached XP level 4. HP: 21/21 MP: 5/5
   200 | D        | Noticed Sigmund
   202 | D        | Killed Sigmund
   202 | D        | Reached ** piety under Trog
   202 | D        | Reached skill level 16 in Stealth
   202 | D        | Reached XP level 5. HP: 24/24 MP: 6/6
   202 | D        | Gained mutation: You are covered in thick fur. (AC +2)
                  | [Felid growth]
   202 | D        | Reached XP level 6. HP: 28/28 MP: 7/7
   214 | D        | Found a deep blue altar of Sif Muna.
   215 | D        | Found an ornate altar of the Wu Jian Council.
   216 | D        | Found a radiant altar of Vehumet.
   222 | D        | Found Cos Maba's Jewellery Emporium.
   222 | D        | Found an ancient bone altar of Kikubaaqudgha.
   222 | D        | Found a hazy altar of Hepliaklqana.
   222 | D        | Found a stormy altar of Qazlal.
   222 | D        | Found a hide-covered altar of Uskayaw.
   222 | D        | Found a blossoming altar of Fedhas.
   222 | D        | Found a bloodstained altar of Trog.
   222 | D        | Found an iron altar of Okawaru.
   222 | D        | Found a basalt altar of Yredelemnul.
   222 | D        | Found a glowing golden altar of the Shining One.
   222 | D        | Found a snail-covered altar of Cheibriados.
   222 | D        | Found a sacrificial altar of Ru.
   222 | D        | Found a glowing silver altar of Zin.
   222 | D        | Found a shadowy altar of Dithmenos.
   222 | D        | Found a white marble altar of Elyvilon.
   222 | D        | Noticed a yak
   223 | D        | Found an opulent altar of Gozag.
   224 | D        | Killed a yak
   224 | D        | Reached skill level 18 in Stealth
   225 | D        | Found a sparkling altar of Nemelex Xobeh.
   268 | D        | Found a viscous altar of Jiyva.
   268 | D        | Found a corrupted altar of Lugonu.
   268 | D        | Noticed a slime creature
   269 | D        | Found a burning altar of Makhleb.
   269 | D        | Found a shimmering altar of Xom.
   271 | D        | Killed a slime creature
   271 | D        | Reached *** piety under Trog
   271 | D        | Reached skill level 19 in Stealth
   271 | D        | Reached skill level 5 in Unarmed Combat
   271 | D        | Reached XP level 7. HP: 31/31 MP: 8/8
   277 | D        | Noticed a centaur warrior
   277 | D        | Noticed a centaur warrior
   278 | D        | Killed a centaur warrior
   278 | D        | Reached skill level 20 in Stealth
   278 | D        | Reached XP level 8. HP: 34/34 MP: 9/9
   284 | D        | Killed a centaur warrior
   284 | D        | Reached skill level 21 in Stealth
   284 | D        | Reached skill level 10 in Unarmed Combat
   711 | D        | Noticed a hornet
   714 | D        | Killed a hornet
   714 | D        | Reached skill level 22 in Stealth
   714 | D        | Reached XP level 9. HP: 37/37 MP: 10/10
   727 | D        | Noticed an oklob plant
   729 | D        | Killed an oklob plant
   729 | D        | Reached **** piety under Trog
   729 | D        | Reached skill level 5 in Dodging
   766 | D        | Reached skill level 5 in Fighting
   775 | D        | Noticed an unseen horror
   775 | D        | Noticed an unseen horror
   789 | D        | Killed an unseen horror
   796 | D        | Killed an unseen horror
   796 | D        | Reached XP level 10. HP: 46/46 MP: 11/11
   835 | D        | Reached ***** piety under Trog
   857 | D        | Reached skill level 23 in Stealth
   972 | D        | Reached ****** piety under Trog
   998 | D        | Found Serurchoata's Antique Weapon Shoppe.
   998 | D        | Found Koumumab's Armour Shop.
   998 | D        | Found Ecruylich's Book Boutique.
  1000 | D        | Found Kaetoepn's Distillery.
  1000 | D        | Found Xenun's General Store.
  1000 | D        | Found Xoaveym's Jewellery Shoppe.
  1000 | D        | Found Gab Itun's Jewellery Boutique.
  1000 | D        | Found Feadere's Antique Weapon Emporium.
  1000 | D        | Found Teddien's Distillery.
  1000 | D        | Found Zuoterua's Antique Armour Shoppe.
  1004 | D        | Found Iggeplawk's Assorted Antiques.
  1005 | D        | Bought a potion of flight for 39 gold pieces
  1005 | D        | Found Pups's Armour Emporium.
  1005 | D        | Found Nodaor's Assorted Antiques.
  1006 | D        | Found Qynt's Magic Scroll Emporium.
  1016 | D        | Bought a ruby potion for 15 gold pieces
  1016 | D        | Bought a smoky pink potion for 15 gold pieces
  1020 | D        | Bought a potion of brilliance for 40 gold pieces
  1020 | D        | Bought a potion of might for 40 gold pieces
  1022 | D        | Bought the ring "Viggump" {MP+9 Dex+4 Slay+3} for 576 gold
                  | pieces
  1022 | D        | Bought an uncursed amulet of guardian spirit for 360 gold
                  | pieces
  1025 | D        | Bought an uncursed ring of poison resistance for 200 gold
                  | pieces
  1190 | D        | Noticed a deep troll
  1192 | D        | Killed a deep troll
  1192 | D        | Reached skill level 10 in Dodging
  1212 | D        | Found Qoaceyluhe's Armour Emporium.
  1224 | D        | Noticed Sonja
  1227 | D        | Killed Sonja
  1240 | D        | Found Goguc's Magic Scroll Boutique.
  1555 | D        | Bought an uncursed ring of protection from fire for 350
                  | gold pieces
  1791 | D        | Noticed a gargoyle
  1796 | D        | Killed a gargoyle
  1862 | D        | Noticed a lorocyproca
  1920 | D        | Killed a lorocyproca
  1920 | D        | Reached skill level 24 in Stealth
  1920 | D        | Reached XP level 11. HP: 54/54 MP: 12/12
  2134 | D        | Noticed a lindwurm
  2142 | D        | Killed a lindwurm
  2142 | D        | Reached skill level 10 in Fighting
  2528 | D        | Noticed a 12-headed hydra
  2530 | D        | Killed a 12-headed hydra
  2599 | D        | Noticed a golden dragon
  2600 | D        | Noticed a shadow dragon
  2605 | D        | Killed a golden dragon
  2605 | D        | Reached skill level 25 in Stealth
  2605 | D        | Reached skill level 15 in Unarmed Combat
  2613 | D        | Killed a shadow dragon
  2613 | D        | Reached skill level 15 in Dodging
  2743 | D        | Found Jaskeip's General Store.
  2797 | D        | Noticed a daeva
  2824 | D        | Killed a daeva
  2824 | D        | Gained mutation: Your thick and shaggy fur keeps you warm.
                  | (AC +3, rC+) [Felid growth]
  2824 | D        | Reached XP level 12. HP: 52/61 MP: 11/13
  2964 | D        | Identified the Compendium of Flight and Creation
  2994 | D        | Reached skill level 26 in Stealth
  3181 | D        | Noticed a fire giant
  3197 | D        | Noticed a fire giant
  3197 | D        | Noticed a fire giant
  3202 | D        | Killed a fire giant
  3303 | D        | Killed a fire giant
  3439 | D        | Noticed a fire giant
  3478 | D        | Killed a fire giant
  3728 | D        | Noticed a deep elf annihilator
  3751 | D        | Killed a fire giant
  4042 | D        | Bought a potion of degeneration for 10 gold pieces
  4447 | D        | Killed a deep elf annihilator
  4692 | D        | Noticed a mummy priest
  4851 | D        | Killed a mummy priest
  5401 | D        | Bought a potion of haste for 100 gold pieces
  5401 | D        | Bought 2 potions of flight for 60 gold pieces
  5401 | D        | Bought a potion of haste for 100 gold pieces
  5406 | D        | Bought a potion of flight for 39 gold pieces
  5406 | D        | Bought a potion of mutation for 104 gold pieces
  5466 | D        | Gained mutation: You are dopey. (Int -2) [a shining eye]
  5481 | D        | Gained mutation: Your spells are a little harder to cast,
                  | but a little more powerful. [a shining eye]
  5484 | D        | Paralysed by a floating eye for 2 turns
  5491 | D        | Reached skill level 27 in Stealth
  5495 | D        | Found Higotorch's Jewellery Shoppe.
  5495 | D        | Found Oroatuef's Antique Weapon Emporium.
  5500 | D        | Found Zuvy's Antique Weapon Boutique.
  5501 | D        | Found Xuinte Ginn's Distillery.
  5619 | D        | Got a vibrating steel ring
  5988 | D        | Noticed the 27-headed Lernaean hydra
  5995 | D        | Killed the 27-headed Lernaean hydra
  5995 | D        | Reached skill level 15 in Fighting
  5995 | D        | Reached XP level 13. HP: 69/69 MP: 14/14
  6036 | D        | Noticed a deep elf master archer
  6047 | D        | Killed a deep elf master archer
  6377 | D        | Identified Sif Muna's Intricacies of Secret Knowledge
  6878 | D        | Got a fine tin ring
  7002 | D        | Bought a scroll of magic mapping for 38 gold pieces
  7002 | D        | Bought a scroll of immolation for 38 gold pieces
  7002 | D        | Bought 3 scrolls of identify for 66 gold pieces
  7002 | D        | Bought a scroll of identify for 22 gold pieces
  7002 | D        | Bought a scroll of fog for 22 gold pieces
  7003 | D        | Identified the ring "Poweomut" {rCorr rF+ rN+} (You found
                  | it in the Dungeon)
  7006 | D        | Identified the ring of Ehuamut {MR+ Dex+2} (You found it in
                  | the Dungeon)
  7312 | D        | Bought a ration for 60 gold pieces
  7312 | D        | Bought a ration for 60 gold pieces
  7312 | D        | Bought a ration for 60 gold pieces
  7397 | D        | Noticed Tiamat
  7407 | D        | Got the Orb of Zot
  7480 | D        | Escaped with the Orb!

Skill      XL: |  1  2  3  4  5  6  7  8  9 10 11 12 13 |
---------------+----------------------------------------+-----
Stealth        | 8 12 16 19 20 22 24 25 27 | 27.0
Unarmed Combat | 5 8 10 12 13 15 17 | 17.8
Fighting       | 6 9 12 15 | 15.4
Dodging        | 8 12 15 18 19 | 19.1

Action                   |  1- 3 |  4- 6 |  7- 9 | 10-12 | 13-15 || total
-------------------------+-------+-------+-------+-------+-------++-------
Melee: Unarmed           |    13 |     4 |    23 |   136 |     9 ||   185
       Bite              |     2 |       |     3 |    21 |     1 ||    27
       Punch             |       |       |       |    17 |     1 ||    18
Invok: Berserk           |     2 |       |     2 |    11 |     1 ||    16
       Trog's Hand       |       |       |     2 |     6 |     1 ||     9
       Brothers in Arms  |       |       |       |    21 |       ||    21
Evoke: Wand              |       |       |       |     6 |       ||     6
  Use: Scroll            |       |       |     1 |     4 |     9 ||    14
       Potion            |       |       |     1 |     7 |     4 ||    12
 Stab: Sleeping          |       |     4 |     6 |    23 |       ||    33
       Distracted        |       |       |       |     5 |       ||     5
  Eat: Chunk             |       |       |     4 |    21 |       ||    25
       Ration            |       |       |       |     5 |     2 ||     7
Armor: Skin              |       |       |       |     1 |       ||     1
Dodge: Dodged            |    10 |       |    27 |   117 |     6 ||   160
